3L
SEATTLE AVIATORS @ AUSTIN RANGERS
08/16/2021
 
TOP OF THE 1ST
Seattle Aviators batting - Pitching for Austin Rangers : LHP Will Savage
Pitching: LHP Will Savage
Batting: LHB Kenny Webster 0-0: Ball
1-0: Foul Ball, location: 2F
1-1: Foul Ball, location: 2F
1-2: Foul Ball, location: 2F
1-2: Ball
2-2: Fly out, F8 (Flyball, 8RXD)
Batting: RHB Craig Stewart 0-0: Ball
1-0: Foul Ball, location: 2F
1-1: Ground out 6-3 (Groundball, 6)
Batting: RHB Tanyu Kimura 0-0: Called Strike
0-1: Called Strike
0-2: Strikes out swinging
Top of the 1st over - 0 run(s), 0 hit(s), 0 error(s), 0 left on base; Seattle 0 - Austin 0
BOTTOM OF THE 1ST
Austin Rangers batting - Pitching for Seattle Aviators : RHP Seong-rae Park
Pitching: RHP Seong-rae Park
Batting: RHB Alex Maxwell 0-0: Ball
1-0: Ball
2-0: Foul Ball, location: 2F
2-1: Called Strike
2-2: Ball
3-2: Strikes out swinging
Batting: SHB Carlos Kramer 0-0: Ball
1-0: Ball
2-0: Foul Ball, location: 2F
2-1: Called Strike
2-2: Strikes out swinging
Batting: LHB Trent Kershaw 0-0: Called Strike
0-1: Called Strike
0-2: Ball
1-2: Fly out, F5 (Popup, 5F)
Bottom of the 1st over - 0 run(s), 0 hit(s), 0 error(s), 0 left on base; Seattle 0 - Austin 0
TOP OF THE 2ND
Seattle Aviators batting - Pitching for Austin Rangers : LHP Will Savage
Batting: LHB Jorge Mojica 0-0: Ball
1-0: Ball
2-0: Called Strike
2-1: Fly out, F6 (Popup, 6D)
Batting: LHB Frank Wentworth 0-0: Ball
1-0: SOLO HOME RUN (Flyball, 8RXD), Distance : 432 ft
Batting: LHB Steve Grimes 0-0: Called Strike
0-1: Ball
1-1: Called Strike
1-2: Foul Ball, location: 2F
1-2: Ball
2-2: Foul Ball, location: 2F
2-2: Fly out, F8 (Flyball, 8LM)
Batting: RHB Clarence Fox 0-0: Foul Ball, location: 2F
0-1: Ball
1-1: Ball
2-1: Fly out, F5 (Popup, 5SF)
Top of the 2nd over - 1 run(s), 1 hit(s), 0 error(s), 0 left on base; Seattle 1 - Austin 0
BOTTOM OF THE 2ND
Austin Rangers batting - Pitching for Seattle Aviators : RHP Seong-rae Park
Batting: RHB Joaquín Parra 0-0: Called Strike
0-1: Called Strike
0-2: Strikes out swinging
Batting: RHB Max White 0-0: Foul Ball, location: 2F
0-1: Ball
1-1: Called Strike
1-2: Foul Ball, location: 2F
1-2: SINGLE (Line Drive, 89S)
Batting: RHB Riley Howard 0-0: Ball
1-0: SINGLE (Groundball, 6MD)
Max White to second
Runner from 2nd tries for 3rd, SAFE, throw made to third
Batting: RHB George McDonald 0-0: Foul Ball, location: 2F
0-1: Foul Ball, location: 2F
0-2: Ball
1-2: Ball
2-2: TRIPLE (Flyball, 9LD)
Max White scores
Riley Howard scores
Batting: LHB Phil Ritchie 0-0: Foul Ball, location: 2F
0-1: Foul Ball, location: 2F
0-2: Strikes out swinging
Batting: RHB Joseph Pate 0-0: Ground out 5-3 (Groundball, 56S)
Bottom of the 2nd over - 2 run(s), 3 hit(s), 0 error(s), 1 left on base; Seattle 1 - Austin 2
TOP OF THE 3RD
Seattle Aviators batting - Pitching for Austin Rangers : LHP Will Savage
Batting: RHB Kenzaburo Hori 0-0: Swinging Strike
0-1: Foul Ball, location: 2F
0-2: SINGLE (Line Drive, 4M)
Batting: RHB Brian Williams 0-0: Fielders Choice at 2nd, 1-6 (Groundball, 13)
Batting: LHB Kenny Webster 0-0: Called Strike
0-1: Ball
1-1: SINGLE (Groundball, 3D)
Brian Williams to second
Runner from 2nd tries for 3rd, SAFE, no throw or cutoff
Pitching: LHP Sergio Garza
Batting: RHB Craig Stewart 0-0: Called Strike
0-1: Foul Ball, location: 2F
0-2: Ball
1-2: Ball
2-2: Ball
3-2: Base on Balls
Kenny Webster to second
Batting: RHB Tanyu Kimura 0-0: Ball
1-0: Ball
2-0: Ball
3-0: Called Strike
3-1: Base on Balls
Brian Williams scores
Kenny Webster to third
Craig Stewart to second
Batting: LHB Jorge Mojica 0-0: SINGLE (Groundball, 4MD)
Kenny Webster scores
Craig Stewart to third
Tanyu Kimura to second
Batting: LHB Frank Wentworth 0-0: Fly out, F3 (Line Drive, 34)
Batting: LHB Steve Grimes 0-0: Ball
1-0: Swinging Strike
1-1: Ball
2-1: Ground out 4-3 (Groundball, 4MS)
Top of the 3rd over - 2 run(s), 3 hit(s), 0 error(s), 3 left on base; Seattle 3 - Austin 2
BOTTOM OF THE 3RD
Austin Rangers batting - Pitching for Seattle Aviators : RHP Seong-rae Park
Batting: RHB Alex Maxwell 0-0: Called Strike
0-1: Ground out 6-3 (Groundball, 6)
Batting: SHB Carlos Kramer 0-0: Ball
1-0: Ball
2-0: Ball
3-0: Called Strike
3-1: Called Strike
3-2: Foul Ball, location: 2F
3-2: Ground out U3 (Groundball, 3S)
Batting: LHB Trent Kershaw 0-0: Swinging Strike
0-1: Ground out 6-3 (Groundball, 6M)
Bottom of the 3rd over - 0 run(s), 0 hit(s), 0 error(s), 0 left on base; Seattle 3 - Austin 2
TOP OF THE 4TH
Seattle Aviators batting - Pitching for Austin Rangers : LHP Sergio Garza
Batting: RHB Clarence Fox 0-0: Ball
1-0: Ball
2-0: Ball
3-0: Called Strike
3-1: Fly out, F7 (Flyball, 7M)
Batting: RHB Kenzaburo Hori 0-0: Ball
1-0: Called Strike
1-1: Swinging Strike
1-2: Strikes out swinging
Batting: RHB Brian Williams 0-0: Ball
1-0: Ball
2-0: Foul Ball, location: 2F
2-1: Ground out 6-3 (Groundball, 6)
Top of the 4th over - 0 run(s), 0 hit(s), 0 error(s), 0 left on base; Seattle 3 - Austin 2
BOTTOM OF THE 4TH
Austin Rangers batting - Pitching for Seattle Aviators : RHP Seong-rae Park
Batting: RHB Joaquín Parra 0-0: Foul Ball, location: 2F
0-1: Ball
1-1: SINGLE (Line Drive, 34D)
Batting: RHB Max White 0-0: Ball
1-0: Ball
2-0: Called Strike
2-1: Ball
3-1: Foul Ball, location: 2F
3-2: Foul Ball, location: 2F
3-2: Foul Ball, location: 2F
3-2: Base on Balls
Joaquín Parra to second
Batting: RHB Riley Howard 0-0: Ball
1-0: Ball
2-0: Fly out, F7 (Flyball, 78M)
Batting: RHB George McDonald 0-0: Ball
1-0: Ball
2-0: Swinging Strike
2-1: Foul Ball, location: 2F
2-2: Foul Ball, location: 2F
2-2: Ball
3-2: SINGLE (Flyball, 8RS)
Joaquín Parra to third
Max White to second
Runner from 3rd tries for Home, throw and OUT!
Batting: LHB Phil Ritchie 0-0: Ball
1-0: Fly out, F8 (Flyball, 8RXD)
Bottom of the 4th over - 0 run(s), 2 hit(s), 0 error(s), 2 left on base; Seattle 3 - Austin 2
TOP OF THE 5TH
Seattle Aviators batting - Pitching for Austin Rangers : LHP Sergio Garza
Batting: LHB Kenny Webster 0-0: Ball
1-0: Swinging Strike
1-1: Ball
2-1: Foul Ball, location: 2F
2-2: Ball
3-2: Strikes out swinging
Batting: RHB Craig Stewart 0-0: Called Strike
0-1: Ball
1-1: Ball
2-1: Ball
3-1: Base on Balls
Batting: RHB Tanyu Kimura 0-0: Ball
1-0: Swinging Strike
1-1: Ball
2-1: Fly out, F7 (Flyball, 78S)
Batting: LHB Jorge Mojica 0-0: Called Strike
0-1: Ball
1-1: Fielders Choice at 2nd, U4 (Groundball, 4M)
Top of the 5th over - 0 run(s), 0 hit(s), 0 error(s), 1 left on base; Seattle 3 - Austin 2
BOTTOM OF THE 5TH
Austin Rangers batting - Pitching for Seattle Aviators : RHP Seong-rae Park
Batting: RHB Joseph Pate 0-0: Fly out, F7 (Flyball, 78D)
Batting: RHB Alex Maxwell 0-0: Called Strike
0-1: Ball
1-1: Foul Ball, location: 2F
1-2: Ground out 5-3 (Groundball, 56S)
Batting: SHB Carlos Kramer 0-0: DOUBLE (Line Drive, 78D)
Batting: LHB Trent Kershaw 0-0: DOUBLE (Line Drive, 5D)
Carlos Kramer scores
Batting: RHB Joaquín Parra 0-0: Called Strike
0-1: Swinging Strike
0-2: Ball
1-2: Ball
2-2: Foul Ball, location: 2F
2-2: Ball
3-2: Fly out, F4 (Popup, 3D)
Bottom of the 5th over - 1 run(s), 2 hit(s), 0 error(s), 1 left on base; Seattle 3 - Austin 3
TOP OF THE 6TH
Seattle Aviators batting - Pitching for Austin Rangers : LHP Sergio Garza
Batting: LHB Frank Wentworth 0-0: Fly out, F9 (Line Drive, 9M)
Batting: LHB Steve Grimes 0-0: Called Strike
0-1: Ball
1-1: SINGLE (Line Drive, 89S)
Batting: RHB Clarence Fox 0-0: Called Strike
0-1: Ball
Throwing error on steal attempt, E2
Steve Grimes to third
1-1: Foul Ball, location: 2F
1-2: Foul Ball, location: 2F
1-2: Ball
2-2: Fly out, F3 (Popup, 3SF)
Pitching: RHP Joe Johnson
Batting: RHB Kenzaburo Hori 0-0: Ball
1-0: Swinging Strike
1-1: Swinging Strike
1-2: Ball
2-2: Foul Ball, location: 2F
2-2: Strikes out swinging
Top of the 6th over - 0 run(s), 1 hit(s), 1 error(s), 1 left on base; Seattle 3 - Austin 3
BOTTOM OF THE 6TH
Austin Rangers batting - Pitching for Seattle Aviators : RHP Seong-rae Park
Batting: RHB Max White 0-0: Foul Ball, location: 2F
0-1: Ball
1-1: Ball
2-1: Ball
3-1: Foul Ball, location: 2F
3-2: Base on Balls
Batting: RHB Riley Howard 0-0: Sac Bunt - play at second, runner OUT! 1-6
Batting: RHB George McDonald 0-0: Ball
Riley Howard steals 2nd base
1-0: Ball
2-0: Fly out, F9 (Flyball, 89S)
Batting: LHB Phil Ritchie 0-0: Ball
1-0: Ball
2-0: Ball
3-0: Base on Balls
Batting: RHB Joseph Pate 0-0: Ball
1-0: DOUBLE (Line Drive, 5D)
Riley Howard scores
Phil Ritchie to third
Runner from 3rd tries for Home, SAFE, no throw or cutoff
Batting: RHB Alex Maxwell 0-0: Ball
1-0: Foul Ball, location: 2F
1-1: Ground out 4-3 (Groundball, 4)
Bottom of the 6th over - 2 run(s), 1 hit(s), 0 error(s), 1 left on base; Seattle 3 - Austin 5
TOP OF THE 7TH
Seattle Aviators batting - Pitching for Austin Rangers : RHP Joe Johnson
Batting: RHB Brian Williams 0-0: Ground out 5-3 (Groundball, 56)
Batting: LHB Kenny Webster 0-0: Ball
1-0: Ball
2-0: Foul Ball, location: 2F
2-1: Foul Ball, location: 2F
2-2: Fly out, F5 (Line Drive, 5S)
Batting: RHB Craig Stewart 0-0: SINGLE (Groundball, 56D)
Batting: RHB Tanyu Kimura 0-0: Ball
1-0: Ball
2-0: Ball
3-0: Called Strike
3-1: Swinging Strike
3-2: Base on Balls
Craig Stewart to second
Batting: LHB Jorge Mojica 0-0: Called Strike
0-1: Ball
1-1: Ball
2-1: Ball
3-1: SINGLE (Groundball, 6MD)
Craig Stewart to third
Tanyu Kimura to second
Runner from 3rd tries for Home, SAFE, no throw or cutoff
Batting: LHB Frank Wentworth 0-0: Ball
1-0: Called Strike
1-1: Ground out 1-3 (Groundball, 25)
Top of the 7th over - 1 run(s), 2 hit(s), 0 error(s), 2 left on base; Seattle 4 - Austin 5
BOTTOM OF THE 7TH
Austin Rangers batting - Pitching for Seattle Aviators : RHP Seong-rae Park
Pitching: RHP Esteban García
Batting: SHB Carlos Kramer 0-0: Called Strike
0-1: Ball
1-1: Ball
2-1: Ball
3-1: Base on Balls
Batting: LHB Trent Kershaw 0-0: Foul Ball, location: 2F
0-1: Ball
1-1: Ball
Carlos Kramer steals 2nd base
2-1: 2-RUN HOME RUN (Line Drive, 89XD), Distance : 435 ft
Batting: RHB Joaquín Parra 0-0: Ball
1-0: Called Strike
1-1: Fly out, F8 (Line Drive, 8RD)
Batting: RHB Max White 0-0: Foul Ball, location: 2F
0-1: Foul Ball, location: 2F
0-2: Ball
1-2: Ball
2-2: Ball
3-2: Base on Balls
Batting: RHB Riley Howard 0-0: Ball
1-0: Ball
2-0: Ball
3-0: Called Strike
3-1: Swinging Strike
3-2: Strikes out swinging
Batting: RHB George McDonald 0-0: Foul Ball, location: 2F
0-1: Ball
1-1: Foul Ball, location: 2F
1-2: Ball
2-2: Fly out, F2 (Popup, 2LF)
Bottom of the 7th over - 2 run(s), 1 hit(s), 0 error(s), 1 left on base; Seattle 4 - Austin 7
TOP OF THE 8TH
Seattle Aviators batting - Pitching for Austin Rangers : RHP Joe Johnson
Batting: LHB Steve Grimes 0-0: Called Strike
0-1: Ground out U3 (Groundball, 3S)
Batting: RHB Clarence Fox 0-0: Ground out 5-3 (Groundball, 5)
Batting: RHB Kenzaburo Hori 0-0: Swinging Strike
0-1: Swinging Strike
0-2: Strikes out swinging
Top of the 8th over - 0 run(s), 0 hit(s), 0 error(s), 0 left on base; Seattle 4 - Austin 7
BOTTOM OF THE 8TH
Austin Rangers batting - Pitching for Seattle Aviators : RHP Esteban García
Batting: LHB Phil Ritchie 0-0: Foul Ball, location: 2F
0-1: Ball
1-1: Foul Ball, location: 2F
1-2: SINGLE (Line Drive, 89M)
Batting: RHB Joseph Pate 0-0: Foul Ball, location: 2F
0-1: Ball
1-1: Ball
2-1: Sac Bunt - play at second, runner OUT! 1-6
Batting: RHB Alex Maxwell 0-0: Ball
1-0: Grounds into double play, 6-4-3 (Groundball, 6)
Bottom of the 8th over - 0 run(s), 1 hit(s), 0 error(s), 0 left on base; Seattle 4 - Austin 7
TOP OF THE 9TH
Seattle Aviators batting - Pitching for Austin Rangers : RHP Joe Johnson
Pitching: LHP Han-lee Pak
Batting: RHB Brian Williams 0-0: Foul Ball, location: 2F
0-1: Swinging Strike
0-2: Strikes out swinging
Batting: LHB Kenny Webster 0-0: Swinging Strike
0-1: Foul Ball, location: 2F
0-2: Ball
1-2: Strikes out swinging
Batting: RHB Craig Stewart 0-0: Ball
1-0: Ball
2-0: Fly out, F9 (Line Drive, 9M)
Top of the 9th over - 0 run(s), 0 hit(s), 0 error(s), 0 left on base; Seattle 4 - Austin 7
This league is powered by Out of the Park Baseball, the baseball management simulation game for PC, Mac and Linux
Friday, January 22nd, 2016 - OOTP Baseball 16.9 Build 39